 Dungeon Crawl Stone Soup version 0.27.1-3-gb3d3a73c9e (webtiles) character file.

Game seed: 11852677413673035895

1346 raph the Spear-Bearer (level 8, -15/57 HPs)
             Began as a Merfolk Gladiator on Oct 26, 2021.
             Was an Initiate of Okawaru.
             Killed from afar by a steam dragon (19 damage)
             ... with a ball of steam
             ... on level 6 of the Dungeon.
             The game lasted 00:14:55 (8512 turns).

raph the Spear-Bearer (Merfolk Gladiator)           Turns: 8512, Time: 00:14:55

Health: -15/57     AC:  5    Str: 15    XL:     8   Next: 62%
Magic:  17/17      EV: 13    Int:  7    God:    Okawaru [......]
Gold:   62         SH:  0    Dex: 17    Spells: 4/7 levels left

rFire    . . .     SeeInvis .   a - +1 trident
rCold    . . .     Faith    .   (no shield)
rNeg     . . .     Spirit   .   b - +0 leather armour
rPois    +         Reflect  .   c - +1 helmet
rElec    .         Harm     .   (no cloak)
rCorr    .         Rampage  .   (no gloves)
Will     .....                  (no boots)
Stlth    ++........             (no amulet)
HPRegen  0.19/turn              h - ring of magical power
MPRegen  0.15/turn              l - ring of poison resistance

@: no status effects
A: (nimble swimmer 2), mertail
a: Renounce Religion


You were on level 6 of the Dungeon.
You worshipped Okawaru.
Okawaru was noncommittal.
You visited 2 branches of the dungeon, and saw 7 of its levels.
You also visited: Sewer.

You collected 314 gold pieces.
You spent 252 gold pieces at shops.

Inventory:

Hand Weapons
 a - a +1 trident (weapon)
 f - a +0 scythe
Missiles
 d - 3 throwing nets
 m - 6 boomerangs
 o - 9 poisoned darts (quivered)
 u - 7 atropa-tipped darts
Armour
 b - a +0 leather armour (worn)
 c - a +1 helmet (worn)
Jewellery
 h - a ring of magical power (left hand)
 j - a ring of ice
 l - a ring of poison resistance (right hand)
Wands
 t - a wand of flame (4)
 v - a wand of paralysis (7)
Scrolls
 i - a scroll of magic mapping
 n - 2 scrolls of teleportation
 p - 2 scrolls of fear
 r - a scroll of identify
Potions
 e - a potion of brilliance
 g - a potion of curing {unknown}
 k - a potion of mutation
 s - 2 potions of lignification


   Skills:
 + Level 2.5 Fighting
 - Level 14.0 Polearms
 - Level 2.0 Throwing
 + Level 4.3 Dodging
 + Level 1.1 Stealth
 + Level 0.2 Spellcasting
 + Level 0.3 Hexes
 + Level 1.1 Invocations


You had 4 spell levels left.
You knew the following spells:

 Your Spells              Type           Power      Damage    Failure   Level
a - Corona                Hex            0%         N/A       45%         1
b - Wereblood             Tmut           0%         N/A       65%         2

Your spell library contained the following spells:

 Spells                   Type           Power      Damage    Failure   Level
 Slow                     Hex            0%         N/A       58%         2
 Ensorcelled Hibernation  Hex/Ice        0%         N/A       63%         2
 Corpse Rot               Necr/Air       N/A        N/A       65%         2
 Tukima's Dance           Hex            0%         N/A       83%         3


Dungeon Overview and Level Annotations

Branches:
Dungeon (6/15)             Temple (1/1) D:5           Sewer (visited)

Altars:
Ashenzari
Cheibriados
Dithmenos
Elyvilon
Fedhas
Gozag
Hepliaklqana
Kikubaaqudgha
Makhleb
Nemelex Xobeh
Okawaru
Qazlal
Ru
Trog
Uskayaw
Vehumet
Wu Jian
Xom
Yredelemnul
Zin
The Shining One

Shops:
D:6 :

Annotations:
D:4 Dowan, Duvessa
D:6 Sigmund


Innate Abilities, Weirdness & Mutations

((You are quick and stealthy near water. (Stealth+, EV+, Speed+++)))
Your lower body shifts to a powerful aquatic tail in water.


Message History

The steam dragon barely misses you. x2
You puncture the steam dragon!
The steam dragon is almost dead.
You closely miss the steam dragon.
The steam dragon is almost dead.
The steam dragon bites you but does no damage.
The steam dragon closely misses you.
You hit the steam dragon.
The steam dragon is almost dead.
You closely miss the steam dragon.
The steam dragon is almost dead.
The steam dragon breathes steam at you. The ball of steam misses you.
You completely miss the steam dragon.
The steam dragon is almost dead.
You are engulfed in a cloud of scalding steam.
The steam dragon barely misses you.
The steam dragon claws you but does no damage.
You closely miss the steam dragon.
The steam dragon is almost dead.
You are engulfed in a cloud of scalding steam.
* * * LOW HITPOINT WARNING * * *
You hit the steam dragon but do no damage.
The steam dragon is almost dead.
You are engulfed in a cloud of scalding steam.
* * * LOW HITPOINT WARNING * * *
The steam dragon barely misses you.
The steam dragon claws you but does no damage.
You closely miss the steam dragon.
The steam dragon is almost dead.
You are engulfed in a cloud of scalding steam.
* * * LOW HITPOINT WARNING * * *
You hit the steam dragon but do no damage.
The steam dragon is almost dead.
The steam dragon barely misses you. The steam dragon misses you.
You hit the steam dragon but do no damage.
The steam dragon is almost dead.
The steam dragon breathes steam at you. The ball of steam hits you!!
You die...

.... #.#
#.# #. ....
#.#
#.########.
###+ #.#
#..........
#.#
#..########
#.#
#.........#
#.#
##.######.#
#†# #.# #.#
#D# #.# #.#
#@# #.# #.#
#.# #.# #.#
#§# #.# #..
#.# #.# ###
#.# #.#
#.#######.#
#.........#
#.#######.#
### ###


You could see a steam dragon (catching breath).

Vanquished Creatures
  An ice beast (D:5)
  A black bear (D:5)
  A necrophage (D:5)
  A phantom (D:5)
  2 scorpions (D:4)
  A bullfrog (Sewer)
  3 wights (D:6)
  An electric eel (D:6)
  A bullfrog zombie (D:5)
  2 hounds
  2 orc priests (D:5)
  Natasha (thrice) (D:4)
  3 iguanas
  2 orc wizards
  A hound skeleton (D:5)
  Robin (D:4)
  3 gnolls (D:1)
  11 adders
  An ufetubus (D:5)
  2 worms
  2 dart slugs (D:1)
  10 orcs
  8 ball pythons
  10 endoplasms
  12 giant cockroaches
  24 goblins
  5 hobgoblins
  8 jackals
  5 quokkas
  9 bats
  7 frilled lizards
  5 kobolds
  6 rats
154 creatures vanquished.

Notes
Turn   | Place    | Note
-------+----------+-------------------------------------------
     0 | D:1      | raph the Merfolk Gladiator began the quest for the Orb.
     0 | D:1      | Reached XP level 1. HP: 16/16 MP: 1/1
   307 | D:1      | Reached skill level 5 in Polearms
   308 | D:1      | Reached XP level 2. HP: 22/22 MP: 2/2
   804 | D:1      | Found a faded altar of an unknown god.
   839 | D:1      | Reached skill level 6 in Polearms
   839 | D:1      | Reached XP level 3. HP: 27/27 MP: 3/3
  1806 | D:2      | Reached skill level 7 in Polearms
  1806 | D:2      | Reached XP level 4. HP: 26/33 MP: 4/4
  2692 | D:2      | Reached skill level 8 in Polearms
  2700 | D:2      | Reached XP level 5. HP: 38/38 MP: 5/5
  3776 | D:4      | Noticed Duvessa
  3828 | D:4      | Noticed Natasha
  3838 | D:4      | Killed Natasha
  3839 | D:4      | Reached skill level 9 in Polearms
  3842 | D:4      | Noticed Robin
  3975 | D:4      | Killed Robin
  3976 | D:4      | Reached XP level 6. HP: 40/44 MP: 6/6
  4079 | D:4      | Noticed Dowan
  4110 | D:4      | Noticed Natasha
  4120 | D:4      | Killed Natasha
  4127 | D:3      | HP: 2/44 [iguana (10)]
  5116 | D:4      | Reached skill level 10 in Polearms
  5476 | D:4      | Noticed Natasha
  5498 | D:4      | Reached XP level 7. HP: 38/50 MP: 7/7
  5506 | D:4      | Killed Natasha
  5507 | D:4      | Reached skill level 11 in Polearms
  5661 | D:5      | Entered Level 5 of the Dungeon
  5700 | D:5      | Found a staircase to the Ecumenical Temple.
  5727 | Temple   | Entered the Ecumenical Temple
  6224 | Temple   | Became a worshipper of Warmaster Okawaru
  6264 | D:5      | Found a glowing drain.
  6278 | D:5      | Reached skill level 12 in Polearms
  6294 | Sewer    | Entered a sewer
  6873 | D:5      | Reached XP level 8. HP: 41/56 MP: 8/8
  7221 | D:5      | Reached skill level 13 in Polearms
  7874 | D:6      | Reached skill level 14 in Polearms
  8158 | D:6      | Found Qaranal's Book Shoppe.
  8170 | D:6      | Bought Spellcasting, Part Two for 252 gold pieces
  8172 | D:6      | Learned a level 1 spell: Corona
  8175 | D:6      | Learned a level 2 spell: Wereblood
  8232 | D:6      | Noticed Sigmund
  8258 | D:5      | Reached skill level 1 in Stealth
  8258 | D:5      | Reached skill level 1 in Invocations
  8512 | D:6      | Killed from afar by a steam dragon

Illustrated notes

Levels and vault maps discovered:
D:1:      minmay_arrival_widening_spiral_wide, layout_basic,
          shapermc_ecumenical_altar_totnotflames
D:2:      layout_rooms, grunt_decor_fettered
D:3:      layout_loops_ring
D:4:      layout_basic, chequers_serial_rivers_marsh, minmay_misc_feat_x,
          uniq_duvessa, uniq_robin, uniq_natasha
D:5:      layout_basic, minmay_temple_entry_sparse_star, gup_sewer_entry_glass,
          serial_rivers, chequers_serial_rivers_large_b,
          chequers_serial_rivers_micro_d, chequers_serial_rivers_room_a,
          chequers_serial_rivers_micro_b, chequers_serial_rivers_room_b,
          chequers_serial_rivers_micro_b
D:6:      layout_basic, nicolae_wooded_promenade, item_on_display_b,
          uniq_sigmund
Temple:   roderic_octagonal_lattice_temple

Skill      XL: |  1  2  3  4  5  6  7  8 |
---------------+-------------------------+-----
Polearms       | 5 6 7 8 9 10 12 14 | 14.0
Stealth        | 1 |  1.1
Invocations    | 1 |  1.1
Fighting       | |  2.5
Throwing       | |  2.0
Dodging        | |  4.3
Spellcasting   | |  0.2
Hexes          | |  0.3

Action                   |  1- 3 |  4- 6 |  7- 9 || total
-------------------------+-------+-------+-------++-------
Melee: Trident           |   107 |   241 |   258 ||   606
       Tailslap          |       |       |     5 ||     5
Throw: Boomerang         |       |     4 |       ||     4
       Dart              |       |     4 |       ||     4
  Use: Scroll            |       |    10 |     4 ||    14
       Potion            |       |       |     1 ||     1
 Stab: Sleeping          |     2 |     3 |     2 ||     7
Armor: Leather armour    |    25 |    28 |    43 ||    96
Dodge: Dodged            |    68 |   110 |   109 ||   287
